 Dungeon Crawl Stone Soup version 0.31-a0-435-g2c6fae2916 (webtiles) character file.

Game seed: 3657837084143879961

96 Ethylacetat the Insei (level 4, -6/24 HPs)
             Began as a Vine Stalker Monk on Aug 1, 2023.
             Was a Priest of Elyvilon.
             Killed by divine providence
             ... invoked by an orc priest
              (9 damage)
             ... on level 5 of the Dungeon.
             The game lasted 00:02:38 (1748 turns).

Ethylacetat the Insei (Vine Stalker Monk)           Turns: 1748, Time: 00:02:39

Health: -6/24      AC:  4    Str: 13    XL:     4   Next: 67%
Magic:  0/5        EV: 13    Int: 10    God:    Elyvilon [***...]
Gold:   134        SH:  0    Dex: 19    Spells: 3/3 levels left

rFire   . .          .
                       - Unarmed
rCold   . . .        c - orb {light}
rNeg    . . .        a - +0 robe
rPois   .            h - +2 hat
rElec   .            (no cloak)
rCorr   .            (no gloves)
SInv    .            (no boots)
Will    .....        (no amulet)
Stlth   +            (no ring)
HPRegen 1.04/turn    (no ring)
MPRegen 0.09/turn

%: guardian spirit
@: glowing
A: fangs 2, regeneration 1, magic shield, antimagic bite, no potion heal 2
a: Renounce Religion, Purification, Heal Other, Heal Self


You were on level 5 of the Dungeon.
You worshipped Elyvilon.
Elyvilon was most pleased with you.
You visited 1 branch of the dungeon, and saw 5 of its levels.

You collected 134 gold pieces.

Inventory:

Armour
 a - a +0 robe (worn)
 c - an orb of light (worn)
 h - a +2 hat (worn)
Scrolls
 e - 2 scrolls of identify {unknown}
 f - a scroll of enchant armour {unknown}
 i - a scroll of vulnerability {unknown}
 k - a scroll of revelation {unknown}
 n - 3 scrolls of teleportation {unknown}
Potions
 b - a potion of ambrosia
 d - 3 potions of brilliance {unknown}
 g - 2 potions of enlightenment {unknown}
 j - a potion of heal wounds {unknown}
 l - 3 potions of curing {unknown}
 m - a potion of cancellation {unknown}


   Skills:
 + Level 3.5 Fighting
 + Level 3.1 Dodging
 + Level 3.8 Unarmed Combat


You had 3 spell levels left.
You didn't know any spells.
Your spell library contained the following spells:

 Spells                   Type           Power      Damage    Failure   Level
 Magic Dart               Conj           0%         1d3       36%         1
 Searing Ray              Conj           0%         2d4       50%         2
 Portal Projectile        Hex/Tloc       0%         N/A       75%         3
 Tukima's Dance           Hex            0%         N/A       75%         3
 Fulminant Prism          Conj/Hex       0%         3d5       98%         4
 Iskenderun's Mystic Bla  Conj/Tloc      0%         2d3       98%         4
 Manifold Assault         Tloc           0%         N/A       98%         4
 Dispersal                Tloc           0%         N/A       100%        6
 Disjunction              Tloc           0%         N/A       100%        8


Dungeon Overview and Level Annotations

Branches:
Dungeon (6/15)
 Temple: D:4-7

Altars:
Elyvilon
Makhleb


Innate Abilities, Weirdness & Mutations

You have extremely sharp teeth.
Your natural rate of healing is unusually fast.
When hurt, damage is shared between your health and your magic reserves.
Your bite disrupts and absorbs the magic of your enemies.
Potions cannot restore your health.


Message History

The orc priest is heavily wounded.
The orc closely misses you. The orc priest closely misses you.
The orc barely misses you.
You hit the orc priest but do no damage.
The orc priest is heavily wounded.
An orc comes into view. It is wielding a +0 morningstar.
The orc barely misses you.
The orc priest invokes the aid of Beogh against you.
You struggle to resist.
The orc barely misses you.
The orc shouts!
You hit the orc priest.
You bite the orc priest, but do no damage.
The orc priest is heavily wounded.
The orc barely misses you. The orc misses you.
The orc priest hits you but does no damage.
You hit the orc priest.
You bite the orc priest, but do no damage.
The orc priest is severely wounded.
The orc barely misses you. The orc hits you with a +0 short sword.
The orc priest hits you with a +0 short sword.
You hit the orc priest but do no damage.
The orc priest is severely wounded.
The orc hits you but does no damage. The orc hits you with a +0 short sword.
* * * LOW HITPOINT WARNING * * *
The orc priest hits you with a +0 short sword.
* * * LOW HITPOINT WARNING * * *
You hit the orc priest but do no damage.
You bite the orc priest, but do no damage.
The orc priest is severely wounded.
The orc hits you with a +0 club.
* * * LOW HITPOINT WARNING * * *
The orc hits you with a +0 short sword.
* * * LOW HITPOINT WARNING * * *
The orc priest closely misses you.
You hit the orc priest.
The orc priest is severely wounded.
The orc closely misses you. x2
The orc priest mumbles some strange prayers to Beogh against you.
Beogh smites you!
You die... #......+ ......# .....#### ....... ..... oSo

##o##+##
#o@o...#
#......#
#....<.#
#......#
######......#
#.....######..
#..†..# ...
#.....# ..
#...>.#


You could see an orc priest, an adder and 4 orcs.

Vanquished Creatures
  3 adders
  3 dart slugs
  3 orcs
  4 ball pythons
  4 bats
  6 endoplasms
  7 giant cockroaches
  4 goblins
  4 hobgoblins
  6 jackals
  2 kobolds (D:3)
  A quokka (D:1)
  3 frilled lizards
  3 rats
53 creatures vanquished.

Notes
Turn   | Place    | Note
-------+----------+-------------------------------------------
     0 | D:1      | Ethylacetat the Vine Stalker Monk began the quest for the
                  | Orb.
     0 | D:1      | Reached XP level 1. HP: 11/11 MP: 2/2
    16 | D:1      | Found a faded altar of an unknown god.
    24 | D:1      | Prayed at the altar of an unknown god.
    24 | D:1      | Became a worshipper of Elyvilon the Healer
    24 | D:1      | Reached * piety under Elyvilon
    24 | D:1      | Reached ** piety under Elyvilon
   138 | D:1      | Reached *** piety under Elyvilon
   150 | D:1      | Reached XP level 2. HP: 16/16 MP: 3/3
   544 | D:2      | Reached XP level 3. HP: 20/20 MP: 4/4
   922 | D:2      | Gained mutation: Your natural rate of healing is unusually
                  | fast. [Vine Stalker growth]
   922 | D:2      | Reached XP level 4. HP: 24/24 MP: 5/5
  1697 | D:3      | You fall into a shaft and drop 3 floors!
  1697 | D:6      | Found a burning altar of Makhleb.
  1700 | D:5      | Entered Level 5 of the Dungeon
  1748 | D:5      | Killed from afar by an orc priest

Illustrated notes

Levels and vault maps discovered:
D:1:      dpeg_arrival_arbitrary_b, layout_basic, basic_ecumenical_altar
D:2:      minmay_angry_zag, layout_basic
D:3:      layout_loops_ring
D:5:      layout_gridville
D:6:      layout_loops_ring, mainiacjoe_overflow_catwalk, temple_hall,
          uniq_duvessa

Skill      XL: |  1  2  3 |
---------------+----------+-----
Fighting       | 3 |  3.5
Dodging        | 3 |  3.1
Unarmed Combat | |  3.8

Action                     |  1- 3 |  4- 6 || total
---------------------------+-------+-------++-------
  Melee: Unarmed           |    80 |    79 ||   159
         Bite              |    30 |    20 ||    50
   Stab: Sleeping          |       |     1 ||     1
 Armour: Robe              |    19 |    11 ||    30
  Dodge: Dodged            |    44 |    62 ||   106

Table legend: (Time is in decaauts)
 A = Elapsed time spent in this place.
 B = Non-inter-level travel time spent in this place.
 C = Inter-level travel time spent in this place.
 D = Time resting spent in this place.
 E = Time spent auto-exploring this place.
 F = Levels seen in this place.
 G = Mean time per level.
                   A        B        C        D        E       F      G
               +--------+--------+--------+--------+--------+-----+--------+
         Total |   1736 |   1652 |     84 |      0 |   1334 |   5 |  347.2 |
       Dungeon |   1736 |   1652 |     84 |      0 |   1334 |   5 |  347.2 |
               +--------+--------+--------+--------+--------+-----+--------+

Top non-repeatable levels by time:
     D:2: 837 daAuts
     D:1: 538 daAuts
     D:3: 310 daAuts
     D:5: 46 daAuts
     D:6: 2 daAuts
